cohdb
Replays
Latest Replays
All Replays
Popular Replays
Top Player Replays
Match Explorer
How It Works
Community
CoH3 Stats
Reddit
Sign in to upload your games and track your stats! →
Sign in with Steam
Match 43310378
Unlisted
Match 43310378
Overview
Messages
Build Orders
End
Construct Barracks
Riflemen Squad
Riflemen Squad
Riflemen Squad
Construct Medical Station
Construct Medical Station
Construct Weapon Support Center
M1919 Machine Gun Team
Air Support Center
Grasshopper Recon Run
Grenade Package
P-47 Strafing Run
Construct Motor Pool
Engineer Squad
Grasshopper Recon Run
Selects Advanced Infantry Battlegroup
Selects Artillery Observers
Selects Convert to Ranger Squad
Selects Designate Assault Position
Grasshopper Recon Run
M24 Chaffee Light Tank
P-47 Strafing Run
.30 cal Machine Gun
P-47 Dive Bomb
Selects Infantry Assault
Grasshopper Recon Run
M1 Anti-tank Gun Team
P-47 Strafing Run
Grasshopper Recon Run
Selects M2A1 105mm Howitzer Emplacement
Gordon Birdman
Darbesky
Major Storm
[38.] Nowhere Queen
0
0
Comments
sign in to comment!
No comments posted yet!